 Dungeon Crawl Stone Soup version 0.14.1-1-g650416f (webtiles) character file.

193 Dalarin the Shooter (level 4, -3/36 HPs)
             Began as a Centaur Hunter on May 1, 2014.
             Killed by divine providence
             ... invoked by an orc priest
              (11 damage)
             ... on Level 4 of the Dungeon.
             The game lasted 00:15:11 (1687 turns).

Dalarin the Shooter (Centaur Hunter)                Turns: 1687, Time: 00:15:11

HP  -3/36        AC  4     Str 14      XL: 4   Next: 37%
MP   3/3         EV  8     Int 10      God:
Gold 100         SH  6     Dex 11      Spells:  0 memorised,  3 levels left

rFire  . . .     SeeInvis .     b - +1 bow
rCold  . . .     Clarity  .     d - +0 leather armour
rNeg   . . .     Conserve .     i - +0 buckler
rPois  .         rCorr    .     (no helmet)
rElec  .         rRot     .     (no cloak)
SustAb . .       Spirit   .     (no gloves)
rMut   .         Warding  .     (no barding)
Saprov . . .     Stasis   .     (no amulet)
MR     .....                    (no ring)
                                (no ring)

@: very slightly contaminated, very quick, not resistant to hostile
enchantments, very unstealthy
A: hooves 3, deformed body, herbivore 1, speed 2, fast metabolism 1, tough skin
3
a: no special abilities


You were on level 4 of the Dungeon.
You were not hungry.

You visited 1 branch of the dungeon, and saw 4 of its levels.

You collected 100 gold pieces.

Inventory:

Hand weapons
 a - a +0,+0 short sword
 b - a +1,+1 bow (weapon)
Missiles
 c - 20 arrows (quivered)
 g - 83 darts
Armour
 d - a +0 leather armour (worn)
 i - a +0 buckler (worn)
Comestibles
 f - 8 bread rations
 o - a meat ration
Scrolls
 e - 7 scrolls of identify
 j - a scroll of teleportation {unknown}
 k - 2 scrolls of recharging {unknown}
 n - a scroll of amnesia {unknown}
 q - a scroll of fog {unknown}
 r - a scroll of remove curse {unknown}
 s - a scroll of magic mapping {unknown}
 t - a scroll of noise {unknown}
Jewellery
 p - an uncursed ring of protection from fire {unknown}
Potions
 h - 4 potions of curing
 l - a potion of magic {unknown}
 u - a potion of heal wounds {unknown}


   Skills:
 + Level 1.9 Fighting
 + Level 5.8 Bows
 + Level 1.8 Throwing
 + Level 1.0 Armour
 + Level 2.0 Dodging
 + Level 1.1 Stealth


You had 3 spell levels left.
You didn't know any spells.

Dungeon Overview and Level Annotations

Branches:
Dungeon (4/15)
 Temple: D:4-7

Altars:
Zin


Innate Abilities, Weirdness & Mutations

You have hooves in place of feet.
Armour fits poorly on your strangely shaped body.
You digest meat inefficiently.
You cover ground very quickly.
You have a fast metabolism.
You have extremely tough skin (AC +3).


Message History

You hear the slow rusting of a distant drain.
The orc skeleton hits you but does no damage.
The orc skeleton hits you.
* * * LOW HITPOINT WARNING * * *
The orc priest's eyes start to glow.
You feel yourself speed up.
There is a shaft here.
Firing (i - inventory. (,) - cycle):
c - 22 arrows (quivered)
Press: ? - help, Shift-Dir - straight line, f - orc skeleton
Aim: an orc skeleton You shoot an arrow.
The arrow hits the orc skeleton.
You destroy the orc skeleton!
Your Dodging skill increases to level 2!
Firing (i - inventory. (,) - cycle):
c - 21 arrows (quivered)
Press: ? - help, Shift-Dir - straight line, f - orc wizard
Aim: an orc wizard, wielding a runed dagger and wearing a robe You shoot an arrow.
The arrow misses the orc wizard.
The orc priest calls down the wrath of Beogh upon you.
Something smites you!
You die...

##.#.#.###.......(.####.## #
................>..((......
.. ...#.#o#.#..........#####
.#
####.#.#z#.#...........###..#
...# #.#.#.###....#.##......#
##.#.#z#o#####.......#.....##
..<..#.#..(..(.#..#..#.#####
.#####.######.###.#..#.# .#
#..o(o..^..@.#).#.#
.#####################.#
....# #................#
..#.# #.################
....###.# .#......# ...######
####


You could see an orc priest and an orc wizard.

Vanquished Creatures
  4 adders
  A giant mite (D:2)
  An orc skeleton (D:4)
  2 giant geckos (D:1)
  An orc (D:4)
  2 ball pythons
  A bat (D:1)
  2 giant cockroaches (D:3)
  7 hobgoblins
  3 giant newts
  6 goblins
  4 jackals (D:1)
  8 kobolds
  2 quokkas
  5 rats
49 creatures vanquished.

Vanquished Creatures (others)
  A rat (D:4)
1 creature vanquished.

Grand Total: 50 creatures vanquished

Notes
Turn   | Place    | Note
--------------------------------------------------------------
     0 | D:1      | Dalarin, the Centaur Hunter, began the quest for the Orb.
     0 | D:1      | Reached XP level 1. HP: 16/16 MP: 1/1
    96 | D:1      | Reached XP level 2. HP: 20/23 MP: 2/2
   461 | D:2      | Reached skill level 1 in Throwing
   461 | D:2      | Reached XP level 3. HP: 27/29 MP: 3/3
  1195 | D:3      | Reached skill level 1 in Stealth
  1240 | D:3      | Found a glowing silver altar of Zin.
  1268 | D:3      | Reached XP level 4. HP: 34/36 MP: 3/3
  1353 | D:3      | Reached skill level 1 in Armour
  1687 | D:4      | Killed from afar by an orc priest

Action                   |  1- 3 |  4- 6 || total
-------------------------+-------+-------++-------
Melee: Bow               |    21 |       ||    21
 Fire: Bow               |    94 |    34 ||   128
  Use: Potion            |     1 |     2 ||     3
       Scroll            |     1 |       ||     1
